Map: King Sejong Station LE

Players

ELGOLDEN

  • Race: Protoss Protoss
  • League: Diamond

Aegwynn - Winner!

  • Race: Zerg Zerg
  • League: Master

VOD

https://www.youtube.com/channel/UCcSgNfDNxvyisU-eCj9xyNg/playlists

Description

Time

  • Played on: Aug. 26, 2016, 3:23 a.m.
  • Length: 6:28
Show
View Real Time Build Order
Export as new Build Order

ELGOLDEN Protoss 

Build Orders: Phoenix Opening 

Get SALT Encoding   

  12  0:00  Probe (Chrono Boost)  
  13  0:11  Probe (Chrono Boost)  
  14  0:18  Pylon  
  14  0:22  Probe (Chrono Boost)  
  15  0:36  Probe (Chrono Boost)  
  15  0:38  Gateway  
  16  0:47  Probe (Chrono Boost)  
  16  0:48  Assimilator  
  17  0:57  Probe (Chrono Boost)  
  18  1:08  Probe (Chrono Boost)  
  20  1:18  Probe (Chrono Boost)  
  20  1:27  Cybernetics Core  
  20  1:30  Probe (Chrono Boost)  
  21  1:46  Nexus  
  21  1:51  Probe (Chrono Boost)  
  21  1:52  Assimilator  
  22  2:02  Probe (Chrono Boost)  
  22  2:03  Pylon  
  22  2:05  Warp Gate  
  23  2:21  Probe (Chrono Boost)  
  24  2:25  Pylon  
  24  2:32  Probe (Chrono Boost)  
  24  2:33  Stargate  
  25  2:41  Adept  
  25  2:43  Probe (Chrono Boost)  
  28  2:55  Probe (Chrono Boost)  
  29  2:58  Pylon  
  29  3:00  Probe (Chrono Boost), Gateway  
  29  3:04  Stalker  
  30  3:07  Probe (Chrono Boost)  
  33  3:13  Probe (Chrono Boost)  
  33  3:17  Phoenix  
  36  3:22  Probe (Chrono Boost)  
  36  3:23  Probe (Chrono Boost)  
  40  3:34  Probe x2 (Chrono Boost)  
  40  3:45  Probe (Chrono Boost), Assimilator  
  40  3:48  Mothership Core (Chrono Boost)  
  43  3:53  Phoenix  
  43  3:55  Probe (Chrono Boost)  
  44  3:56  Assimilator  
  46  4:05  Twilight Council  
  46  4:07  Probe (Chrono Boost)  
  47  4:22  Adept  
  47  4:23  Adept  
  50  4:24  Nexus  
  49  4:45  Probe (Chrono Boost)  
  51  4:46  Probe (Chrono Boost)  
  51  4:47  Phoenix  
  51  4:51  Stalker  
  51  4:52  Nexus, Stalker  
  57  4:55  Probe (Chrono Boost)  
  58  5:14  Zealot  
  58  5:15  Zealot  
  61  5:38  Adept  
  61  5:41  Pylon  
  62  5:43  Pylon  
  62  5:44  Pylon  
  62  5:56  Probe (Chrono Boost)  
  62  5:57  Probe (Chrono Boost)  
  62  5:59  Zealot  
  62  6:02  Zealot  
  58  6:06  Probe (Chrono Boost)  
  58  6:10  Probe (Chrono Boost)  
  57  6:17  Probe (Chrono Boost)  
Show
View Real Time Build Order
Export as new Build Order

Aegwynn Zerg - Winner!

Build Orders: Hatch First 

Get SALT Encoding   

  12  0:01  Drone  
  13  0:12  Overlord  
  13  0:17  Drone  
  14  0:31  Drone  
  14  0:32  Drone  
  14  0:35  Drone  
  17  0:54  Hatchery  
  16  0:57  Drone  
  16  1:00  Drone  
  18  1:04  Extractor  
  17  1:16  Spawning Pool  
  16  1:20  Drone  
  16  1:23  Drone  
  18  1:30  Drone  
  19  1:42  Drone  
  20  1:59  Overlord  
  20  2:03  Queen  
  20  2:05  Queen  
  20  2:08  Metabolic Boost  
  24  2:11  Drone  
  24  2:15  Drone  
  26  2:19  Drone  
  26  2:21  Drone  
  28  2:25  Drone  
  29  2:45  Hatchery  
  29  2:47  Zergling x4  
  29  2:50  Drone  
  29  2:51  Drone  
  32  2:53  Zergling x2  
  32  2:58  Overlord  
  33  3:07  Drone x2  
  35  3:15  Queen  
  35  3:16  Overlord, Extractor  
  37  3:21  Drone x2  
  37  3:22  Drone  
  40  3:34  Drone x5  
  42  3:39  Zergling x2  
  46  3:43  Baneling Nest  
  46  3:46  Zergling x4  
  47  3:49  Spore Crawler  
  46  4:00  Extractor  
  46  4:01  Drone x3  
  48  4:09  Queen  
  50  4:10  Drone x2  
  50  4:13  Zergling x6  
  55  4:22  Drone  
  55  4:23  Drone  
  57  4:32  Zergling x2  
  57  4:34  Overlord x2  
  57  4:35  Overlord  
  57  4:40  Baneling x4  
  57  4:42  Zergling x2  
  57  4:45  Baneling x3  
  58  4:46  Overlord  
  58  4:47  Overlord  
  58  4:53  Spore Crawler  
  58  4:54  Zergling x14  
  64  5:00  Zergling x2  
  64  5:09  Zergling x10  
  67  5:14  Zergling x2  
  64  5:22  Zergling x16  
  64  5:28  Baneling x8  
  71  5:32  Zergling x2  
  71  5:33  Zergling x10  
  75  5:38  Zergling x2  
  75  5:41  Drone  
  75  5:42  Evolution Chamber  
  73  5:52  Zergling x10  
  73  5:53  Zergling x2  
  71  6:04  Baneling x2  
  71  6:05  Baneling x2  
  71  6:06  Zergling x10  
  71  6:09  Drone x2  
  73  6:11  Extractor  
Tags
 
Add a new tag
Caveats
  • Supply blocks, unpowered buildings, or Contaminate may cause inaccurate times.
  • Supply counts are checked every 10 seconds.